 Dungeon Crawl Stone Soup version 0.27.1-1-g398f81649c (webtiles) character file.

Game seed: 14198718970044415815

1399 ZARRMARR the Sneak (level 8, -1/55 HPs)
             Began as an Octopode Monk on Sept 9, 2021.
             Was a Believer of Sif Muna.
             Slain by a wyvern (13 damage)
             ... on level 7 of the Dungeon.
             The game lasted 00:19:45 (7640 turns).

ZARRMARR the Sneak (Octopode Monk)                  Turns: 7640, Time: 00:19:46

Health: -1/55      AC:  1    Str: 10    XL:     8   Next: 69%
Magic:  12/12      EV: 15    Int: 21    God:    Sif Muna [**....]
Gold:   201        SH:  0    Dex: 14    Spells: 13/13 levels left

rFire    . . .     SeeInvis .   k - +5 dagger (vamp)
rCold    . . .     Faith    .   (no shield)
rNeg     . . .     Spirit   .   (helmet restricted)
rPois    .         Reflect  .   (no amulet)
rElec    .         Harm     .   n - +6 ring of intelligence
rCorr    .         Rampage  .   (no ring)
Will     .....                  (no ring)
Stlth    ++++......             (no ring)
HPRegen  0.18/turn              (no ring)
MPRegen  0.13/turn              (no ring)
                                (no ring)
                                (no ring)

@: no status effects
A: almost no armour, amphibious, 8 rings, camouflage 1, gelatinous body 1,
(nimble swimmer 1), tentacles
a: Renounce Religion, Channel Magic


You were on level 7 of the Dungeon.
You worshipped Sif Muna.
Sif Muna was pleased with you.
You visited 2 branches of the dungeon, and saw 8 of its levels.

You collected 201 gold pieces.

Inventory:

Hand Weapons
 f - a +2 short sword of freezing
 k - a +5 vampiric dagger (weapon)
Jewellery
 n - a +6 ring of intelligence (left tentacle)
Scrolls
 e - a scroll of magic mapping
 g - a scroll of immolation
 h - a scroll of brand weapon
 j - a scroll of enchant armour
 l - 2 scrolls of teleportation
 o - a scroll of vulnerability {unknown}
Potions
 b - 2 potions of haste {unknown}
 c - a potion of heal wounds {unknown}
 d - 5 potions of lignification {unknown}
 i - 3 potions of flight {unknown}
 m - 2 potions of curing {unknown}


   Skills:
 + Level 5.0 Fighting
 + Level 5.1 Short Blades
 + Level 5.1 Dodging
 + Level 6.4 Stealth
 + Level 3.3 Spellcasting
 + Level 3.6 Ice Magic
 + Level 2.8 Invocations


You had 13 spell levels left.
You didn't know any spells.
Your spell library contained the following spells:

 Spells                   Type           Power      Damage    Failure   Level
 Ozocubu's Armour         Ice            18%        N/A       9%          3
 Ozocubu's Refrigeration  Ice            9%         4d6       100%        7


Dungeon Overview and Level Annotations

Branches:
Dungeon (7/15)             Temple (1/1) D:4

Altars:
Dithmenos
Fedhas
Gozag
Hepliaklqana
Kikubaaqudgha
Nemelex Xobeh
Qazlal
Ru
Sif Muna
Vehumet
Wu Jian
Yredelemnul
Zin

Shops:
D:6 =

Annotations:
D:1 exclusion: downstairs
D:3 exclusion: downstairs
D:5 jimbles's ghost, novice TeCj
D:6 Sigmund


Innate Abilities, Weirdness & Mutations

You cannot wear most types of armour.
You are amphibious.
You can wear up to eight rings at the same time.
Your skin changes colour to match your surroundings (Stealth+).
Your rubbery body absorbs attacks. (AC +1, EV +1)
((You are camouflaged near water. (Stealth+)))
You have tentacles for arms and can constrict up to eight enemies at once.


Message History

The bullfrog is almost dead.
You constrict the bullfrog.
You kill the bullfrog!
Sif Muna accepts your kill.
You see here a bullfrog corpse.
You start resting.
A wyvern comes into view.
You see here a bullfrog corpse.
The wyvern hisses angrily.
You hit the wyvern.
You feel better.
Your squeeze misses the wyvern.
The wyvern is lightly wounded.
The wyvern closely misses you.
A gnoll comes into view. It is wielding a +0 halberd.
The gnoll shouts!
You hit the wyvern but do no damage.
The wyvern is lightly wounded.
The wyvern closely misses you.
You hit the wyvern but do no damage.
The wyvern is lightly wounded.
The wyvern bites you!! The wyvern barely misses you.
You hit the wyvern but do no damage. You squeeze the wyvern.
The wyvern is lightly wounded.
The wyvern closely misses you.
You hit the wyvern but do no damage.
The wyvern is lightly wounded.
The wyvern barely misses you.
You hit the wyvern.
The wyvern is moderately wounded.
The wyvern closely misses you.
A gnoll comes into view. It is wielding a +0 whip.
A gnoll shaman comes into view. It is wielding a +0 whip.
The gnoll shaman shouts!
The gnoll shouts!
You hit the wyvern but do no damage.
The wyvern is moderately wounded.
The wyvern bites you!!
* * * LOW HITPOINT WARNING * * *
You hit the wyvern. You squeeze the wyvern.
The wyvern is heavily wounded.
The wyvern bites you!
You die...

#################.#
...(..............####
.............. ......
..##.......... .....
..#.......######..#
..#.......+..#....#
..#.......##.##...#.#
..#............†@l..#
..##.......#.##.#######
..###.######.##........
......######)#.g..#.###
###.......†.....#....
.........).........
#.........)).......
..(...g.g...##...#
......##....# ...#


You could see a wyvern, a gnoll shaman and 2 gnolls.

Vanquished Creatures
  Grinder (D:3)
  A black bear (D:6)
  A sky beast (D:5)
  Blork the orc (D:5)
  3 bullfrogs
  A gnoll sergeant (D:5)
  A scorpion (D:5)
  A howler monkey (D:4)
  A water moccasin simulacrum (D:5)
  2 iguanas
  Jessica (D:2)
  A centaur skeleton (D:6)
  Terence (D:2)
  3 orc wizards
  A centaur simulacrum (D:5)
  A hound skeleton (D:4)
  Robin (D:2)
  14 gnolls
  4 adders
  2 hound simulacra (D:5)
  A shadow imp (D:5)
  2 white imps
  An ufetubus (D:4)
  A worm (D:3)
  3 dart slugs
  14 orcs
  4 ball pythons
  8 bats
  6 endoplasms
  3 giant cockroaches
  8 hobgoblins
  2 quokkas
  A frilled lizard (D:3)
  10 goblins
  7 kobolds
  7 rats
120 creatures vanquished.

Notes
Turn   | Place    | Note
-------+----------+-------------------------------------------
     0 | D:1      | ZARRMARR the Octopode Monk began the quest for the Orb.
     0 | D:1      | Reached XP level 1. HP: 16/16 MP: 1/1
   313 | D:1      | Reached skill level 3 in Stealth
   313 | D:1      | Reached XP level 2. HP: 21/21 MP: 2/2
   980 | D:1      | Found a faded altar of an unknown god.
  1014 | D:2      | Noticed Jessica
  1014 | D:2      | Noticed Terence
  1017 | D:2      | Killed Jessica
  1018 | D:2      | Reached XP level 3. HP: 26/26 MP: 3/3
  1026 | D:2      | Killed Terence
  1027 | D:2      | Reached XP level 4. HP: 31/31 MP: 3/5
  1079 | D:2      | Noticed Robin
  1428 | D:2      | Reached skill level 1 in Ice Magic
  1818 | D:2      | Reached skill level 1 in Spellcasting
  2074 | D:2      | Killed Robin
  2078 | D:2      | Reached XP level 5. HP: 25/36 MP: 6/6
  2804 | D:3      | Noticed Grinder
  2815 | D:3      | Killed Grinder
  2816 | D:3      | Reached skill level 4 in Stealth
  2816 | D:3      | Reached XP level 6. HP: 19/43 MP: 6/8
  4188 | D:4      | Reached XP level 7. HP: 32/48 MP: 10/10
  4547 | D:4      | Found a staircase to the Ecumenical Temple.
  4553 | Temple   | Entered the Ecumenical Temple
  4785 | Temple   | Became a worshipper of Sif Muna the Loreminder
  4785 | Temple   | Reached * piety under Sif Muna
  4785 | Temple   | Reached ** piety under Sif Muna
  4825 | D:4      | Reached skill level 5 in Stealth
  5495 | D:5      | Entered Level 5 of the Dungeon
  5495 | D:5      | Found a runed translucent gate.
  5495 | D:5      | Found a runed translucent gate.
  5495 | D:5      | Found a runed translucent gate.
  5515 | D:5      | Reached skill level 1 in Invocations
  5839 | D:5      | Noticed jimbles's ghost (novice TeCj)
  5882 | D:5      | Reached XP level 8. HP: 45/54 MP: 12/12
  6149 | D:5      | Noticed Blork the orc
  6330 | D:5      | Killed Blork the orc
  7206 | D:6      | Reached skill level 6 in Stealth
  7212 | D:6      | Reached skill level 5 in Dodging
  7218 | D:6      | Reached skill level 5 in Fighting
  7218 | D:6      | Reached skill level 5 in Short Blades
  7218 | D:6      | Noticed Sigmund
  7347 | D:6      | Found Anexeffu's Jewellery Boutique.
  7630 | D:7      | Noticed a wyvern
  7640 | D:7      | Slain by a wyvern

Illustrated notes

Levels and vault maps discovered:
D:1:      dpeg_arrival_radiant, layout_loops_ring,
          shapermc_ecumenical_altar_mp_vishouse, nrook_mini_backslash,
          minmay_ruptured
D:2:      layout_basic, grunt_decor_one_mirror, chequers_hall_statues_wall_a,
          uniq_jessica, uniq_robin, uniq_terence
D:3:      layout_basic, uniq_grinder
D:4:      layout_basic, minmay_temple_entry_waves
D:5:      layout_rooms, gammafunk_ghost_icy, uniq_blork_the_orc
D:6:      layout_cave_pools, mainiacjoe_overflow_small_starburst, serial_shops,
          nicolae_stop_n_shop_2, uniq_crazy_yiuf_cottage, uniq_prince_ribbit1,
          uniq_sigmund
D:7:      layout_basic
Temple:   nicolae_temple_figure_eight

Skill      XL: |  1  2  3  4  5  6  7  8 |
---------------+-------------------------+-----
Stealth        | 3 4 5 6 |  6.4
Ice Magic      | 1 2 3 |  3.6
Spellcasting   | 1 2 3 |  3.3
Fighting       | 4 5 |  5.0
Short Blades   | 4 5 |  5.1
Dodging        | 4 5 |  5.1
Invocations    | 1 2 |  2.8

Action                   |  1- 3 |  4- 6 |  7- 9 || total
-------------------------+-------+-------+-------++-------
Melee: Short sword       |    42 |    91 |    13 ||   146
       Constrict         |    10 |    17 |    35 ||    62
       Tentacles         |    12 |    13 |    28 ||    53
       Dagger            |       |       |   130 ||   130
Evoke: Wand              |       |       |     5 ||     5
  Use: Scroll            |     2 |     2 |     4 ||     8
 Stab: Sleeping          |     9 |     9 |     8 ||    26
       Distracted        |       |       |     3 ||     3
Armor: Skin              |     2 |     3 |       ||     5
Dodge: Dodged            |    29 |    55 |    82 ||   166
